 Dungeon Crawl Stone Soup version 0.19-a0-1107-gc676ff4 (webtiles) character file.

711 4thArraOfDagon the Ruffian (level 7, 0/61 HPs)
             Began as a Troll Arcane Marksman on Aug 9, 2016.
             Was a Believer of Okawaru.
             Slain by a killer bee (8 damage)
             ... on level 7 of the Dungeon.
             The game lasted 00:04:40 (758 turns).

4thArraOfDagon the Ruffian (Troll Arcane Marksman)   Turns: 758, Time: 00:04:40

Health: 0/61       AC:  6    Str: 25      XL:     7   Next: 40%
Magic:  6/7        EV:  9    Int: 11      God:    Okawaru [**....]
Gold:   55         SH:  0    Dex:  7 (9)  Spells: 1 memorised, 7 levels left

rFire  . . .     SeeInvis +       - Unarmed
rCold  . . .     Gourm    +     a - +1 robe
rNeg   . . .     Faith    .     (no shield)
rPois  .         Spirit   .     (helmet restricted)
rElec  .         Dismiss  .     (no cloak)
rCorr  .         Reflect  .     (gloves unavailable)
SustAt .         Harm     .     (boots unavailable)
MR     .....                    (no amulet)
Stlth  ++........               s - ring of stealth
                                p - ring of see invisible

@: mighty, lethally poisoned (0 -> 0)
A: unfitting armour, claws 3, fast metabolism 3, gourmand, regeneration 2,
shaggy fur 1, tough skin 2
a: Heroism, Renounce Religion


You were on level 7 of the Dungeon.
You worshipped Okawaru.
Okawaru was pleased with you.
You were very full.

You visited 1 branch of the dungeon, and saw 7 of its levels.

You collected 55 gold pieces.

Inventory:

Missiles
 c - 4 large rocks
 d - 2 throwing nets (quivered)
Armour
 a - a +1 robe (worn)
Jewellery
 p - a ring of see invisible (left claw)
 s - a ring of stealth (right claw)
Wands
 m - a wand of paralysis (8/24)
Scrolls
 e - 2 scrolls of identify
Books
 b - a book of Debilitation

   Spells                             Type                      Level
   a - Corona                         Hexes                        1
   b - Slow                           Hexes                        2
   c - Gell's Gravitas                Hexes/Translocation          3
   d - Inner Flame                    Hexes/Fire                   3
   e - Cause Fear                     Hexes                        4
   f - Leda's Liquefaction            Hexes/Earth                  4
Comestibles
 f - 3 bread rations
 q - 3 fruits


   Skills:
 - Level 0.7 Fighting
 - Level 1.7 Throwing
 - Level 1.5 Dodging
 * Level 7.7 Unarmed Combat
 - Level 1.0 Spellcasting
 - Level 2.0 Hexes
 + Level 2.0 Invocations


You had 7 spell levels left.
You knew the following spells:

 Your Spells              Type           Power        Failure   Level  Hunger
a - Corona                Hex            #......      17%         1    ##.....


Dungeon Overview and Level Annotations

Branches:
Dungeon (7/15)
 Temple: D:4-7

Altars:
Okawaru


Innate Abilities, Weirdness & Mutations

You are too large for most types of armour.
You have claws for hands.
Your metabolism is lightning-fast.
You like to eat raw meat.
You heal very quickly.
You are covered in fur. (AC +1)
You have very tough skin. (AC +2)


Message History

Aim: a killer bee (chance to defeat MR: 54%)
The killer bee suddenly stops moving!
This wand has 9 charges left.
You feel sick.
Unknown command.
The helpless killer bee fails to defend itself.
You mangle the killer bee!!
You kill the killer bee!
Okawaru accepts your kill.
Your Invocations skill increases to level 2!
The killer bee stings you.
* * * LOW HITPOINT WARNING * * *
Unknown command.
Evoke which item? (* to show all) (? for menu, Esc to quit)
Zapping:
m - a wand of paralysis (9/24)
Press: ? - help, Shift-Dir - straight line, f - killer bee
Aim: a killer bee (chance to defeat MR: 54%)
The killer bee resists with significant effort.
This wand has 8 charges left.
The killer bee barely misses you. The killer bee stings you!
You die...

*,**,* ##.......... *,**,*
#...#...... *,**,*
#...#.....# **,*,,*
#...##....# *,,*,**
#..**###..# ***####,,,,*
#.#* #.... *,,.....,*** ##.#
#.#.#
*,,...h..#######††#####.#..
*,,.......@yKy.o(#......###
*,,./....###KK###..#...####
*,,.....,,*##oo...oo.#.....
***....**,**#...........>..
*..#***,,#......####.....
*.,* **.....######....>.
*,,*****.#....,..........
**,,,,,,,y..........(.....
***,,,,****.##y,,.##.#######


You could see an orc warrior, a big kobold, 2 killer bees, 2 orcs, a jackal
(wandering) and 2 kobolds.

Vanquished Creatures
  An orc warrior (D:7)
  An ice beast (D:5)
  An ogre (D:7)
  A big kobold (D:7)
  4 killer bees (D:7)
  A giant frog zombie (D:6)
  A centaur zombie (D:6)
  An orc priest (D:6)
  A worker ant (D:4)
  A gnoll (D:6)
  3 adders
  An ooze (D:1)
  An adder skeleton (D:5)
  A giant gecko (D:5)
  7 orcs
  A giant cockroach (D:4)
  4 goblins
  A ball python (D:5)
  2 giant newts
  11 kobolds
  5 rats
50 creatures vanquished.

Notes
Turn   | Place    | Note
-------+----------+-------------------------------------------
     0 | D:1      | 4thArraOfDagon the Troll Arcane Marksman began the quest for the Orb.
     0 | D:1      | Reached XP level 1. HP: 18/18 MP: 1/1
    23 | D:1      | Reached skill level 1 in Unarmed Combat
    34 | D:1      | Reached XP level 2. HP: 23/26 MP: 2/2
    77 | D:1      | Reached skill level 2 in Unarmed Combat
   234 | D:3      | Found an iron altar of Okawaru.
   268 | D:3      | Became a worshipper of Warmaster Okawaru
   290 | D:3      | oh well
   326 | D:4      | Reached skill level 3 in Unarmed Combat
   326 | D:4      | Reached XP level 3. HP: 17/32 MP: 3/3
   355 | D:5      | Entered Level 5 of the Dungeon
   412 | D:5      | Noticed an ice beast
   437 | D:5      | Killed an ice beast
   437 | D:5      | Reached * piety under Okawaru
   437 | D:5      | Reached skill level 4 in Unarmed Combat
   437 | D:5      | Reached XP level 4. HP: 40/40 MP: 4/4
   437 | D:5      | Reached XP level 5. HP: 46/46 MP: 5/5
   470 | D:6      | Reached skill level 5 in Unarmed Combat
   559 | D:6      | Reached XP level 6. HP: 25/54 MP: 6/6
   561 | D:6      | Reached skill level 6 in Unarmed Combat
   620 | D:7      | Reached ** piety under Okawaru
   630 | D:7      | Noticed an orc warrior
   680 | D:7      | Killed an orc warrior
   680 | D:7      | Reached skill level 7 in Unarmed Combat
   680 | D:7      | Reached skill level 1 in Invocations
   680 | D:7      | Reached XP level 7. HP: 61/61 MP: 7/7
   758 | D:7      | Slain by a killer bee

Vault maps used:
D:1:      dpeg_arrival_short_road
D:2:      first_bread, tgw_fedhas
D:3:      minmay_wonky_spiral, overflow_temple_1_default
D:4:      kennysheep_slug_shrine, minmay_statues_item
D:5:      elyvilon_altar_4
D:6:      lemuel_round_altar, nicolae_gozag_seed_capital, uniq_edmund
D:7:      statuecave_lemuel, yredelemnul_forgotten_temple_becter

Skill      XL: |  1  2  3  4  5  6  7 |
---------------+----------------------+-----
Unarmed Combat | 1 3 4 5 7 |  7.7
Invocations    | 1 2 |  2.0
Fighting       | |  0.7
Throwing       | |  1.7
Dodging        | |  1.5
Spellcasting   | |  1.0
Hexes          | |  2.0

Action                   |  1- 3 |  4- 6 |  7- 9 || total
-------------------------+-------+-------+-------++-------
Melee: Unarmed           |    75 |    59 |    23 ||   157
       Punch             |       |     3 |       ||     3
Throw: Throwing net      |     1 |       |       ||     1
Invok: Heroism           |       |       |     2 ||     2
Evoke: Wand              |       |       |     6 ||     6
  Use: Potion            |       |     4 |     1 ||     5
       Scroll            |       |       |     5 ||     5
 Stab: Sleeping          |       |     1 |       ||     1
       Paralysed         |       |       |     3 ||     3
  Eat: Chunk             |     8 |     3 |       ||    11
Armor: Robe              |    25 |    14 |    13 ||    52
Dodge: Dodged            |    44 |    25 |    31 ||   100
